 Dungeon Crawl Stone Soup version 0.31-a0-986-g5e6e4ef867 (webtiles) character file.

Game seed: 9430878676859186894

749 Whiskey the Changeling (level 7, -5/45 HPs)
             Began as an Octopode Shapeshifter on Nov 4, 2023.
             Was an Initiate of Gozag.
             Killed from afar by a white imp (11 damage)
             ... with a puff of frost
             ... on level 6 of the Dungeon.
             The game lasted 00:11:36 (5935 turns).

Whiskey the Changeling (Octopode Shapeshifter)      Turns: 5935, Time: 00:11:37

Health: -5/45      AC:  1    Str: 16    XL:     7   Next: 77%
Magic:  7/7        EV: 13    Int: 12    God:    Gozag
Gold:   672        SH:  0    Dex: 11    Spells: 6/6 levels left

rFire   . . .        t - +0 short sword (elec)
rCold   . . .        (no shield)
rNeg    . . .        (helmet currently unavailable)
rPois   .            (no amulet)
rElec   .            (no ring)
rCorr   .            (no ring)
SInv    .            (no ring)
Will    .....        (no ring)
Stlth   +++          (no ring)
HPRegen 0.27/turn    (no ring)
MPRegen 0.10/turn    (no ring)
                     (no ring)

%: no passive effects
@: beast-form, gold aura
A: beast (slay +4), almost no armour, amphibious, 8 rings, camouflage 1,
gelatinous body 1, (nimble swimmer 1), tentacles
a: Begin Untransformation, Renounce Religion, Potion Petition, Call Merchant,
Bribe Branch


You were on level 6 of the Dungeon.
You worshipped Gozag.
Gozag was pleased with you.
You were a hulking beast.
You visited 1 branch of the dungeon, and saw 6 of its levels.
You also visited: Sewer.

You collected 702 gold pieces.
You paid 30 gold pieces to Gozag.

Inventory:

Hand Weapons
 t - a +0 short sword of electrocution (weapon)
   (You found it on level 3 of the Dungeon)
 u - a +1 flail of protection
   (You took it off an orc on level 4 of the Dungeon)
Missiles
 v - 15 poisoned darts (quivered)
Talismans
 b - a beast talisman
 c - a flux talisman
 j - a flux talisman
   (You found it on level 1 of the Dungeon)
Scrolls
 d - a scroll of amnesia {unknown}
 e - a scroll of noise {unknown}
 f - 2 scrolls of immolation {unknown}
 k - 3 scrolls of identify
 l - a scroll of teleportation
 n - a scroll of poison {unknown}
 p - 2 scrolls of revelation {unknown}
 r - 2 scrolls of acquirement {unknown}
 w - 2 scrolls of blinking {unknown}
 x - a scroll of enchant armour {unknown}
Potions
 a - 2 potions of lignification {!q}
 g - a potion of magic {unknown}
 h - a potion of might {unknown}
 i - 4 potions of curing
 m - 3 potions of brilliance {unknown}
 o - 2 potions of enlightenment
 q - 4 potions of invisibility {unknown}
 s - 2 potions of berserk rage {!q}


   Skills:
 + Level 2.3 Fighting
 + Level 2.2 Dodging
 - Level 3.0 Stealth
 - Level 3.0 Unarmed Combat
 * Level 7.6 Shapeshifting


You had 6 spell levels left.
You didn't know any spells.
Your spell library contained the following spells:

 Spells                   Type           Power      Damage    Failure   Level
 Blink                    Tloc           0%         N/A       45%         2
 Lesser Beckoning         Tloc           0%         N/A       45%         2
 Momentum Strike          Conj/Tloc      0%         3d8       45%         2


Dungeon Overview and Level Annotations

Branches:
Dungeon (6/15)             Temple (0/1) D:4           Sewer (visited)

Altars:
Elyvilon
Gozag
Hepliaklqana
Makhleb
Nemelex Xobeh
Qazlal
Wu Jian
Xom
Yredelemnul
The Shining One


Innate Abilities, Weirdness & Mutations

You are a hulking beast.
Your limbs bulge with bestial killing power. (Slay +4)
You cannot wear most types of armour.
You are amphibious.
You can wear up to eight rings at the same time.
Your skin changes colour to match your surroundings (Stealth+).
Your rubbery body absorbs attacks. (AC +1, EV +1)
((You are camouflaged when in or above water. (Stealth+)))
You have tentacles for arms and can constrict up to eight enemies at once.


Message History

You hit the crimson imp. You constrict the crimson imp.
You kill the crimson imp!
Training target 3.0 for Stealth reached!
Your Fighting skill increases to level 2!
Your Stealth skill increases to level 3!
You regained 2 hp, and now have 44/45 hp.
No target in view!
You now have 645 gold pieces (gained 5).
v - 15 poisoned darts (gained 1)
You open the large door.
There is a large open door here.
There is a large open door here.
You open the door.
Found a stone staircase leading down.
Health restored: 45 You now have 664 gold pieces (gained 19).
There is a stone staircase leading down here.
You open the door.
There is an open door here.
You open the door.
Found an escape hatch in the ceiling.
There is an open door here.
Found a stone staircase leading up.
There is an escape hatch in the ceiling here.
You now have 672 gold pieces (gained 8). 2 yaks come into view.
There is an escape hatch in the ceiling here.
There is an open door here.
There is a stone staircase leading down here.
You climb downwards.
The ufetubus shouts! x2; You hear a shout!
There is a stone staircase leading up here.
A scorpion comes into view.
You closely miss the ufetubus. Your grab misses the ufetubus.
You squeeze the ufetubus. The ufetubus closely misses you. x2
The ufetubus barely misses you. The ufetubus hits you.
You take 2 damage, and have 43/45 hp.
You barely miss the ufetubus. Your grab misses the ufetubus.
The ufetubus slips past you! The ufetubus barely misses you.
The ufetubus hits you.
A sleepcap comes into view.
The sleepcap completely misses you.
You take 2 damage, and have 41/45 hp.
You barely miss the ufetubus. You grab the ufetubus.
You constrict the ufetubus. The ufetubus hits you.
The ufetubus closely misses you. The ufetubus barely misses you.
The ufetubus misses you. The sleepcap misses you. The ufetubus misses you.
The ufetubus barely misses you.
A white imp comes into view.
The ufetubus closely misses you. The ufetubus hits you.
You take 2 damage, and have 39/45 hp.
You hit the ufetubus.
You kill the ufetubus!
The ufetubus slips past you! The ufetubus completely misses you.
The ufetubus hits you. The sleepcap barely misses you.
You take 3 damage, and have 36/45 hp.
You hit the sleepcap. Lightning courses through the sleepcap!
You grab the sleepcap. You squeeze the sleepcap! You constrict the sleepcap.
You destroy the sleepcap!
The ufetubus closely misses you. The ufetubus misses you.
The ufetubus hits you. x2
The sleepcap is distracted by your dazzling golden aura.
The white imp shouts, "Flee, thou impertinent base-court flap-bat!"
You take 7 damage, and have 29/45 hp.
You hit the scorpion. You grab the scorpion. You constrict the scorpion.
The ufetubus hits you. The ufetubus closely misses you.
The scorpion stings you.
You are poisoned.
The scorpion poisons you!
You take 10 damage, and have 19/45 hp.
MASSIVE DAMAGE!!
You are too injured to fight recklessly!
You hit the scorpion. You constrict the scorpion.
You feel very sick. The ufetubus hits you. The ufetubus barely misses you.
The scorpion barely misses you. The ufetubus hits you.
* * * LOW HITPOINT WARNING * * *
The ufetubus closely misses you.
You take 6 damage, and have 13/45 hp.
You hit the scorpion. Lightning courses through the scorpion!
You kill the scorpion!
* * * LOW HITPOINT WARNING * * *
You feel very sick.
The sleepcap is no longer distracted by gold.
The ufetubus barely misses you. The ufetubus hits you.
* * * LOW HITPOINT WARNING * * *
You take 5 damage, and have 8/45 hp.
You feel better. The ufetubus hits you. The ufetubus misses you.
The ufetubus hits you. The ufetubus closely misses you.
The white imp closely misses you.
You hear a distant slurping noise.
You regained 6 hp, and now have 14/45 hp.
You hit the ufetubus. You grab the ufetubus. You constrict the ufetubus.
The ufetubus hits you.
* * * LOW HITPOINT WARNING * * *
The ufetubus hits you.
* * * LOW HITPOINT WARNING * * *
The white imp gestures at you. The puff of frost hits you!
You die...
Your body crumbles into a pile of gold.

.. ..
..##.#
#....#
#....#
+.... #
.f.## #.
#$$.#
#.##.#h#
#....55#
####..##
.....
#####.
.. .# ..
..


You could see a sleepcap, a white imp and an ufetubus.

Vanquished Creatures
  Duvessa (D:4)
  2 scorpions
  Dowan (D:4)
  2 crimson imps (D:5)
  3 jellies
  4 sleepcaps
  4 adders
  5 river rats
  An ufetubus (D:6)
  2 worms
  2 dart slugs
  13 orcs
  6 endoplasms
  4 giant cockroaches
  5 goblins
  7 hobgoblins
  4 quokkas
  11 ball pythons
  10 bats
  9 frilled lizards
  7 kobolds
  21 rats
124 creatures vanquished.

Notes
Turn   | Place    | Note
-------+----------+-------------------------------------------
     0 | D:1      | Whiskey the Octopode Shapeshifter began the quest for the
                  | Orb.
     0 | D:1      | Reached XP level 1. HP: 13/13 MP: 1/1
    54 | D:1      | Reached XP level 2. HP: 9/18 MP: 2/2
   255 | D:1      | Reached XP level 3. HP: 22/23 MP: 3/3
   258 | D:1      | Reached skill level 4 in Shapeshifting
  2033 | D:3      | Identified the of Cewod
  2215 | D:3      | Reached XP level 4. HP: 22/28 MP: 4/4
  2259 | D:3      | Found an opulent altar of Gozag.
  2275 | D:3      | Became a worshipper of Gozag Ym Sagoz the Greedy
  2573 | D:3      | Reached skill level 5 in Shapeshifting
  3075 | D:4      | Found a white marble altar of Elyvilon.
  3162 | D:4      | Found a basalt altar of Yredelemnul.
  3164 | D:4      | Noticed a profane servitor
  3169 | D:4      | Found a glowing golden altar of the Shining One.
  3171 | D:4      | Noticed an angel
  3287 | D:4      | Reached XP level 5. HP: 33/33 MP: 5/5
  3620 | D:4      | Found an ornate altar of the Wu Jian Council.
  3657 | D:4      | Found a sparkling altar of Nemelex Xobeh.
  3669 | D:4      | Found a staircase to the Ecumenical Temple.
  3744 | D:4      | Noticed Duvessa
  3746 | D:4      | Noticed Dowan
  4036 | D:4      | Found a burning altar of Makhleb.
  4037 | D:4      | Found a stormy altar of Qazlal.
  4174 | D:4      | HP: 3/33 [Duvessa/+0 short sword (10)]
  4177 | D:4      | Killed Duvessa
  4178 | D:4      | Reached skill level 6 in Shapeshifting
  4178 | D:4      | Reached XP level 6. HP: 4/38 MP: 6/6
  4458 | D:4      | Killed Dowan
  4569 | D:5      | Entered Level 5 of the Dungeon
  4639 | D:5      | Reached skill level 7 in Shapeshifting
  4820 | D:5      | Found a hazy altar of Hepliaklqana.
  4854 | D:5      | Reached XP level 7. HP: 43/43 MP: 7/7
  4854 | D:5      | Found a glowing drain.
  4971 | D:5      | Found a shimmering altar of Xom.
  5024 | Sewer    | Entered a sewer
  5182 | Sewer    | Reached skill level 1 in Stealth
  5633 | D:5      | Reached skill level 2 in Stealth
  5787 | D:5      | Reached skill level 2 in Fighting
  5787 | D:5      | Reached skill level 3 in Stealth
  5895 | D:5      | Noticed a yak
  5895 | D:5      | Noticed a yak
  5933 | D:6      | HP: 10/45 [poisoned by a scorpion]
  5935 | D:6      | Killed from afar by a white imp

Illustrated notes

Levels and vault maps discovered:
D:1:      minmay_arrival_loop, layout_basic, st_stairs_5, hangedman_decor_push
D:2:      layout_basic, serial_co_window_serial, co_window_corner_a,
          co_window_corner_a, co_window_paths_b, co_window_cross_1,
          co_window_corner_a, co_window_paths_a, co_window_paths_b,
          co_window_corner_b, co_window_of_opportunity_b, co_window_cross_3,
          co_window_corner_ca, co_window_of_opportunity_c, co_window_corner_b,
          co_window_of_opportunity_c, co_window_4corner_a, co_window_sun,
          glass_columns_b, glass_columns_b, glass_columns_a, glass_columns_a,
          glass_columns_b
D:3:      layout_loops_ring, nicolae_gozag_seed_capital, minmay_three_crescents
D:4:      layout_basic, nemelex_diamond_rough_becter, mainiacjoe_overflow_paths,
          chequers_temple_overflow_statue_of_worship,
          grunt_temple_overflow_holy_war, minmay_temple_entry_statues_fountains,
          uniq_duvessa
D:5:      layout_basic, nzn_hepliaklqana_mist_gate, led_xom_imps,
          portal_sewer_entry_b, nrook_mini_vaults
D:6:      layout_basic, uniq_pikel

Skill      XL: |  1  2  3  4  5  6  7 |
---------------+----------------------+-----
Shapeshifting  | 4 5 6 7 |  7.6
Stealth        | 3 |  3.0
Fighting       | 2 |  2.3
Dodging        | |  2.2
Unarmed Combat | |  3.0

Action                     |  1- 3 |  4- 6 |  7- 9 || total
---------------------------+-------+-------+-------++-------
  Melee: Unarmed           |    74 |    22 |       ||    96
         Constrict         |    19 |    24 |    19 ||    62
         Tentacles         |    12 |    22 |    11 ||    45
         Short sword       |       |    72 |    75 ||   147
         Punch             |       |     5 |     3 ||     8
  Throw: Dart              |       |       |     3 ||     3
    Use: Potion            |       |     1 |     1 ||     2
         Scroll            |       |       |     4 ||     4
   Stab: Sleeping          |    14 |     6 |    11 ||    31
         Distracted        |       |       |     1 ||     1
 Armour: Skin              |    20 |    57 |    37 ||   114
  Dodge: Dodged            |    36 |    48 |    56 ||   140

Table legend: (Time is in decaauts)
 A = Elapsed time spent in this place.
 B = Non-inter-level travel time spent in this place.
 C = Inter-level travel time spent in this place.
 D = Time resting spent in this place.
 E = Time spent auto-exploring this place.
 F = Levels seen in this place.
 G = Mean time per level.
                   A        B        C        D        E       F      G
               +--------+--------+--------+--------+--------+-----+--------+
         Total |   5930 |   5718 |    212 |    271 |   4317 |   7 |  847.1 |
       Dungeon |   5423 |   5211 |    212 |    271 |   3969 |   6 |  903.8 |
         Sewer |    506 |    506 |      0 |      0 |    348 |   1 |  506.0 |
               +--------+--------+--------+--------+--------+-----+--------+

Top non-repeatable levels by time:
     D:4: 1300 daAuts
     D:2: 1246 daAuts
     D:3: 1235 daAuts
     D:5: 847 daAuts
     D:1: 783 daAuts
   Sewer: 506 daAuts
     D:6: 10 daAuts

Levels and vault maps discovered:
D:1:      minmay_arrival_loop, layout_basic, st_stairs_5, hangedman_decor_push
D:2:      layout_basic, serial_co_window_serial, co_window_corner_a,
          co_window_corner_a, co_window_paths_b, co_window_cross_1,
          co_window_corner_a, co_window_paths_a, co_window_paths_b,
          co_window_corner_b, co_window_of_opportunity_b, co_window_cross_3,
          co_window_corner_ca, co_window_of_opportunity_c, co_window_corner_b,
          co_window_of_opportunity_c, co_window_4corner_a, co_window_sun,
          glass_columns_b, glass_columns_b, glass_columns_a, glass_columns_a,
          glass_columns_b
D:3:      layout_loops_ring, nicolae_gozag_seed_capital, minmay_three_crescents
D:4:      layout_basic, nemelex_diamond_rough_becter, mainiacjoe_overflow_paths,
          chequers_temple_overflow_statue_of_worship,
          grunt_temple_overflow_holy_war, minmay_temple_entry_statues_fountains,
          uniq_duvessa
D:5:      layout_basic, nzn_hepliaklqana_mist_gate, led_xom_imps,
          portal_sewer_entry_b, nrook_mini_vaults
D:6:      layout_basic, uniq_pikel

Table legend: (Time is in decaauts)
 A = Elapsed time spent in this place.
 B = Non-inter-level travel time spent in this place.
 C = Inter-level travel time spent in this place.
 D = Time resting spent in this place.
 E = Time spent auto-exploring this place.
 F = Levels seen in this place.
 G = Mean time per level.
                   A        B        C        D        E       F      G
               +--------+--------+--------+--------+--------+-----+--------+
         Total |   5930 |   5718 |    212 |    271 |   4317 |   7 |  847.1 |
       Dungeon |   5423 |   5211 |    212 |    271 |   3969 |   6 |  903.8 |
         Sewer |    506 |    506 |      0 |      0 |    348 |   1 |  506.0 |
               +--------+--------+--------+--------+--------+-----+--------+

Top non-repeatable levels by time:
     D:4: 1300 daAuts
     D:2: 1246 daAuts
     D:3: 1235 daAuts
     D:5: 847 daAuts
     D:1: 783 daAuts
   Sewer: 506 daAuts
     D:6: 10 daAuts

Table legend:
 A = Kills in this place as a percentage of kills in the entire game.
 B = Kills by you in this place as a percentage of kills by you in the entire game.
 C = Kills by friends in this place as a percentage of kills by friends in the entire game.
 D = Other kills in this place as a percentage of other kills in the entire game.
 E = Experience gained in this place as a percentage of experience gained in the entire game.
 F = Experience gained in this place divided by the number of levels of this place that you have seen.
                   A       B       C       D       E      F
               +-------+-------+-------+-------+-------+----------------------
         Total | 100.0 | 100.0 |   N/A |   N/A | 100.0 | 152.9
       Dungeon |  76.6 |  76.6 |   N/A |   N/A |  91.6 | 163.3
         Sewer |  23.4 |  23.4 |   N/A |   N/A |   8.4 |  90.0
               +-------+-------+-------+-------+-------+----------------------
